 Dungeon Crawl Stone Soup version 0.27.1-1-g398f81649c (console) character file.

Game seed: 2682154658339877968

8691 thromnambular the Martial Artist (level 11, -4/98 HPs)
             Began as a Djinni Transmuter on Sept 15, 2021.
             Was an Elder of Wu Jian.
             Slain by an eight-headed hydra (7 damage)
             ... on level 2 of the Lair of Beasts on Sept 16, 2021.
             The game lasted 00:32:09 (12591 turns).

thromnambular the Martial Artist (DjTm)            Turns: 12591, Time: 00:32:09

Health: -4/98      AC:  8    Str: 10    XL:     11   Next: 60%
Gold:   763        EV: 16    Int: 16    God:    Wu Jian [****..] SH:  0 Dex: 21

rFire    x . .     SeeInvis .     - Unarmed
rCold    + + +     Faith    .   (shield currently unavailable)
rNeg     . . .     Spirit   .   (armour currently unavailable)
rPois    ∞         Reflect  .   (helmet currently unavailable)
rElec    .         Harm     .   (cloak currently unavailable)
rCorr    .         Rampage  .   (gloves currently unavailable)
Will     +....                  (boots unavailable)
Stlth    ++........             I - amulet of the acrobat
HPRegen  0.26/turn              l - +6 ring of dexterity
MPRegen  0.00/turn              (no ring)

@: ice-form, flying
A: freezing attack, flying, boosted hp, sickness immunity, large, (fire
resistance 2), (cold vulnerability 1), float, innate caster, hp casting, extra
vitality 1
a: End Transformation, Renounce Religion, Wall Jump, Serpent's Lash


You were on level 2 of the Lair of Beasts.
You worshipped Wu Jian.
Wu Jian was greatly pleased with you.
You were a creature of crystalline ice.
You visited 3 branches of the dungeon, and saw 11 of its levels.
You also visited: Sewer.

You collected 1002 gold pieces.
You spent 239 gold pieces at shops.

Inventory:

Missiles
 d - 15 boomerangs (quivered)
Armour
 f - a +2 robe of cold resistance
 i - a scarf of resistance (melded)
 k - a +0 cloak
 n - a +2 helmet (melded)
 x - +1 steam dragon scales (melded)
 C - the +2 pair of gloves of Huiry (melded) {Regen+ SInv}
   (You acquired it on level 7 of the Dungeon)

   SInv:      It lets you see invisible.
   Regen:     It increases your rate of health regeneration.
Jewellery
 b - a ring of ice
 l - a +6 ring of dexterity (left front paw)
 I - an amulet of the acrobat (around neck)
Wands
 j - a wand of mindburst (13)
 q - a wand of iceblast (11)
 A - a wand of acid (3)
Scrolls
 a - 3 scrolls of blinking
 c - 2 scrolls of immolation {unknown}
 g - 2 scrolls of amnesia
 h - 2 scrolls of fog
 m - 3 scrolls of teleportation
 p - 2 scrolls of magic mapping
 r - a scroll of holy word {unknown}
 w - a scroll of brand weapon {unknown}
 y - 2 scrolls of enchant weapon {unknown}
 D - a scroll of fear {unknown}
 H - a scroll of identify
 J - a scroll of noise {unknown}
Potions
 e - 3 potions of attraction
 o - a potion of degeneration
 s - a potion of heal wounds
 t - 2 potions of magic
 u - a potion of mutation {unknown}
 v - a potion of resistance
 z - a potion of might {unknown}
 B - a potion of flight {unknown}
 E - 2 potions of curing
 F - a potion of berserk rage {unknown}
 G - a potion of invisibility {unknown}
 K - a potion of brilliance {unknown}


   Skills:
 + Level 8.9 Fighting
 + Level 3.5 Armour
 - Level 9.0 Dodging
 + Level 9.3 Unarmed Combat
 - Level 6.6 Spellcasting


You couldn't memorise any spells.
You knew the following spells:

 Your Spells              Type           Power      Damage    Failure   Level
a - Beastly Appendage     Tmut           52%        N/A       1%          1
b - Wereblood             Tmut           26%        N/A       1%          2
c - Spider Form           Tmut/Pois      13%        N/A       2%          3
d - Ice Form              Ice/Tmut       26%        N/A       9%          4
e - Summon Small Mammal   Summ           100%       N/A       1%          1
f - Call Imp              Summ           26%        N/A       1%          2
g - Poisonous Vapours     Pois/Air       52%        N/A       1%          2
h - Airstrike             Air            13%        N/A       9%          4
i - Silence               Hex/Air        13%        N/A       22%         5
Your spell library was empty.

Dungeon Overview and Level Annotations

Branches:
Dungeon (8/15)             Temple (1/1) D:4            Lair (2/6) D:8
  Sewer (visited)
  Swamp: Lair:2-4    Shoals: Lair:2-4     Snake: Lair:2-4    Spider: Lair:2-4

Altars:
Ashenzari
Cheibriados
Dithmenos
Elyvilon
Fedhas
Gozag
Hepliaklqana
Makhleb
Nemelex Xobeh
Okawaru
Qazlal
Ru
Trog
Uskayaw
Vehumet
Wu Jian
Xom
Yredelemnul
The Shining One

Shops:
D:2 *   D:4 [

Annotations:
Lair:1 exclusion: oklob plant


Innate Abilities, Weirdness & Mutations

You are a creature of crystalline ice.
You have a powerful freezing melee attack.
You are flying.
Your maximum health is increased.
Your armour is entirely melded.
You are incapable of wielding weapons or throwing items.
You are immune to sickness and miasma.
You are immune to poison.
((Your flesh is very heat resistant. (rF++)))
((You are vulnerable to cold. (rC-)))
You float through the air rather than walking.
You learn spells naturally, not from books.
Your magical power is your life essence.
You have superior vitality. (+4 HP)


Message History

Your crimson imp hits the eight-headed hydra.
You hit the eight-headed hydra. You freeze the eight-headed hydra.
The eight-headed hydra is lightly wounded.
The eight-headed hydra misses you. The eight-headed hydra bites you!
The eight-headed hydra barely misses you.
The eight-headed hydra completely misses you.
The eight-headed hydra barely misses you.
The eight-headed hydra bites you!
The eight-headed hydra bites you but does no damage.
The eight-headed hydra bites you!
You hit the eight-headed hydra.
The eight-headed hydra seems to slow down.
You freeze the eight-headed hydra.
The eight-headed hydra is lightly wounded.
Your crimson imp hits the eight-headed hydra.
The eight-headed hydra closely misses you.
The eight-headed hydra bites you!
The eight-headed hydra bites you but does no damage.
The eight-headed hydra completely misses you.
The eight-headed hydra barely misses you. x2
The eight-headed hydra closely misses you.
The eight-headed hydra bites you.
You punch the eight-headed hydra! You freeze the eight-headed hydra.
The eight-headed hydra is moderately wounded.
Your crimson imp hits the eight-headed hydra.
You hit the eight-headed hydra.
The eight-headed hydra seems to slow down.
You freeze the eight-headed hydra.
The eight-headed hydra is heavily wounded.
The eight-headed hydra bites you.
The eight-headed hydra completely misses you.
The eight-headed hydra bites you!
* * * LOW HITPOINT WARNING * * *
The eight-headed hydra bites you but does no damage. x2
The eight-headed hydra bites you!
* * * LOW HITPOINT WARNING * * *
The eight-headed hydra bites you!
* * * LOW HITPOINT WARNING * * *
The eight-headed hydra bites you!
You die...

. #...####### .#
.........#.##### ####.
#..?........<..##P.....#
#.....#.P.........##...
###........#.P..........
#.#...........5DY......#
#........P#.#..........
P#......D..#.#..........
......†..)..............
...##..†#P...#.........#
#.#.##...#.........(
#...#..P............
.....#.P.#..........
.....##......#...##P


You could see an eight-headed hydra (slow, ally target) and a friendly crimson
imp (summoned).

Vanquished Creatures
  A hydra (Lair:1)
  Sonja (Lair:2)
  Joseph (Lair:1)
  2 black mambas (Lair:1)
  A cane toad (Lair:1)
  A rime drake (Lair:1)
  7 blink frogs
  A vampire (D:6)
  Sigmund (D:2)
  A wraith (D:5)
  3 yaks (Lair:1)
  A steam dragon (D:7)
  2 wargs (D:8)
  3 water moccasins
  An orc warrior (D:8)
  2 sky beasts (D:6)
  An ogre (D:4)
  An ice beast (D:6)
  2 necrophages
  A hornet zombie (D:5)
  3 centaurs
  2 phantoms
  6 bullfrogs
  3 scorpions
  A wyvern zombie (D:8)
  A howler monkey (D:4)
  A crimson imp (D:3)
  A centaur zombie (D:5)
  4 hounds
  4 orc priests
  2 jellies
  A bullfrog skeleton (D:7)
  3 gnoll shamans
  Crazy Yiuf (D:7)
  2 hell rats (Lair:1)
  4 orc wizards
  6 iguanas
  A scorpion zombie (D:5)
  A killer bee zombie (D:8)
  2 hound zombies (D:5)
  A hound skeleton (D:5)
  11 gnolls
  2 howler monkey skeletons
  12 adders
  16 river rats
  A white imp (D:6)
  3 worms
  2 dart slugs
  22 orcs
  17 ball pythons
  5 endoplasms
  A giant cockroach (D:5)
  7 goblins
  3 hobgoblins (D:3)
  4 jackals (D:3)
  4 quokkas (D:5)
  8 bats
  3 frilled lizards
  A goblin skeleton (D:3)
  A goblin zombie (D:3)
  2 hobgoblin zombies (D:3)
  5 kobolds
  A kobold skeleton (D:3)
  A kobold zombie (D:3)
  2 orc skeletons (D:3)
  2 orc zombies (D:3)
  32 rats
252 creatures vanquished.

Vanquished Creatures (others)
  2 fungi
  14 plants
16 creatures vanquished.

Grand Total: 268 creatures vanquished

Notes
Turn   | Place    | Note
-------+----------+-------------------------------------------
     0 | D:1      | thromnambular the Djinni Transmuter began the quest for the
                  | Orb.
     0 | D:1      | Reached XP level 1. HP: 17/17 MP: 0/0
   505 | D:1      | Reached XP level 2. HP: 11/22 MP: 0/0
  1116 | D:2      | Reached XP level 3. HP: 9/27 MP: 0/0
  1116 | D:2      | Learned a level 1 spell: Summon Small Mammal
  1732 | D:2      | Found Qiaxilit's General Store.
  1741 | D:2      | Noticed Sigmund
  1944 | D:2      | Killed Sigmund
  1945 | D:2      | Reached XP level 4. HP: 9/34 MP: 0/0
  1945 | D:2      | Reached XP level 5. HP: 10/39 MP: 0/0
  1945 | D:2      | Learned a level 2 spell: Call Imp
  2361 | D:2      | Reached XP level 6. HP: 40/45 MP: 0/0
  2543 | D:2      | Found a faded altar of an unknown god.
  2572 | D:2      | Became a worshipper of the Shining One
  2572 | D:2      | Reached * piety under the Shining One
  2926 | D:3      | Found a glowing golden altar of the Shining One.
  2927 | D:3      | Reached ** piety under the Shining One
  3723 | D:2      | Bought a scroll of teleportation for 30 gold pieces
  3814 | D:4      | Reached XP level 7. HP: 36/50 MP: 0/0
  3814 | D:4      | Learned a level 2 spell: Poisonous Vapours
  3828 | D:4      | Found Velueps's Antique Armour Emporium.
  3979 | D:4      | Found an iron altar of Okawaru.
  4030 | D:4      | Found a staircase to the Ecumenical Temple.
  4038 | Temple   | Entered the Ecumenical Temple
  4259 | Temple   | Fell from the grace of the Shining One
  4259 | Temple   | Became a worshipper of the Wu Jian Council
  5176 | D:5      | Entered Level 5 of the Dungeon
  5494 | D:5      | Found a sacrificial altar of Ru.
  5518 | D:5      | Noticed a water moccasin
  5528 | D:5      | Killed a water moccasin
  5647 | D:5      | Found a glowing drain.
  5661 | Sewer    | Entered a sewer
  5689 | Sewer    | Reached * piety under Wu Jian
  5768 | Sewer    | Reached skill level 5 in Unarmed Combat
  5777 | Sewer    | Reached XP level 8. HP: 42/58 MP: 0/0
  5779 | Sewer    | Reached skill level 5 in Dodging
  6370 | D:5      | Noticed a wraith
  6443 | D:5      | Found a basalt altar of Yredelemnul.
  6475 | D:6      | Found a stormy altar of Qazlal.
  6489 | D:6      | Reached ** piety under Wu Jian
  7061 | D:6      | Reached skill level 5 in Fighting
  7103 | D:6      | Reached XP level 9. HP: 63/65 MP: 0/0
  7103 | D:6      | Learned a level 4 spell: Airstrike
  7538 | D:6      | Found a bloodstained altar of Trog.
  8482 | D:7      | Identified 2 scrolls of acquirement
  8482 | D:7      | Acquired the +2 pair of gloves of Huiry {Regen+ SInv}
  8635 | D:7      | Acquired 607 gold pieces
  8696 | D:4      | Bought a scorched helmet for 209 gold pieces
  8696 | D:4      | Identified the +2 helmet "Japhyzen" {Harm} (You bought it
                  | in a shop on level 4 of the Dungeon)
  8780 | D:5      | Reached skill level 5 in Spellcasting
  9230 | D:5      | Reached XP level 10. HP: 73/73 MP: 0/0
  9362 | D:7      | Reached *** piety under Wu Jian
  9632 | D:7      | Found a blossoming altar of Fedhas.
  9738 | D:7      | Found a runed translucent door.
  9739 | D:7      | Noticed Crazy Yiuf
  9752 | D:7      | Killed Crazy Yiuf
 11053 | D:8      | Found a staircase to the Lair.
 11062 | Lair:1   | Entered Level 1 of the Lair of Beasts
 11220 | Lair:1   | Noticed a cane toad
 11224 | Lair:1   | Killed a cane toad
 11501 | Lair:1   | Reached XP level 11. HP: 77/81 MP: 0/0
 11501 | Lair:1   | Learned a level 5 spell: Silence
 11502 | Lair:1   | Reached **** piety under Wu Jian
 11710 | Lair:1   | Reached skill level 1 in Armour
 11905 | Lair:1   | Noticed Joseph
 11942 | Lair:1   | Killed Joseph
 11987 | Lair:1   | Noticed a six-headed hydra
 11993 | Lair:1   | Killed a six-headed hydra
 12127 | Lair:1   | Noticed an oklob plant
 12466 | Lair:2   | Noticed Sonja
 12472 | Lair:2   | Killed Sonja
 12484 | Lair:2   | Noticed an eight-headed hydra
 12591 | Lair:2   | HP: 3/98 [eight-headed hydra (12)]
 12591 | Lair:2   | Slain by an eight-headed hydra

Illustrated notes

Levels and vault maps discovered:
D:1:      lemuel_arrival_muddy, layout_basic, hex_intersection
D:2:      minmay_spotlight, layout_rooms, serial_shops, nicolae_shop_crystal,
          shapermc_ecumenical_altar_starsandcircs, uniq_sigmund
D:3:      layout_loops_ring, nicolae_tso_besieged_by_evil, serial_bayou,
          serial_bayou_shore_b, serial_bayou_pond_a, serial_bayou_crossing,
          serial_bayou_shore_a
D:4:      layout_basic, mainiacjoe_overflow_alcove_4, minmay_temple_entry_ruins,
          nicolae_take_the_stairs
D:5:      layout_basic, lemuel_crystal_altar, nicolae_yredelemnul_corpse_copse,
          overflow_temple_1_default, gup_sewer_entry_pipe, dk_noncrumbling_4
D:6:      layout_cave_pods, overflow_temple_1_default, trog_book,
          grunt_tough_drop
D:7:      layout_basic, mainiacjoe_overflow_surrounded_room,
          uniq_crazy_yiuf_cottage
D:8:      layout_cave_pods, erik_lair_orcish_takeover
Temple:   minmay_temple_curvy_loop
Lair:1:   layout_gridlike, kennysheep_rathole, grunt_megastairs_4,
          minmay_lair_oklob_chamber, serial_bayou_shore_b, lemuel_fruit_tree,
          serial_bayou_shore_b, uniq_joseph
Lair:2:   layout_loops_ring, chequers_serial_rivers_small_b,
          chequers_serial_rivers_room_b, minivault_27, gammafunk_lair_bear_cave,
          uniq_sonja

Skill      XL: |  1  2  3  4  5  6  7  8  9 10 11 |
---------------+----------------------------------+-----
Spellcasting   | 2 3 4 5 6 |  6.6
Fighting       | 2 3 4 5 6 7 8 |  8.9
Dodging        | 3 4 6 7 8 9 |  9.0
Unarmed Combat | 4 5 6 7 8 9 |  9.3
Armour         | 3 |  3.5

Action                   |  1- 3 |  4- 6 |  7- 9 | 10-12 || total
-------------------------+-------+-------+-------+-------++-------
Melee: Unarmed           |    71 |   126 |   407 |   215 ||   819
       Headbutt          |     5 |       |       |       ||     5
Throw: Boomerang         |    12 |     5 |     7 |       ||    24
 Cast: Beastly Appendage |    12 |       |       |       ||    12
       Spider Form       |     1 |     9 |    28 |     9 ||    47
       Summon Small Mamm |     1 |       |       |       ||     1
       Call Imp          |       |     1 |     1 |     3 ||     5
       Poisonous Vapours |       |       |     1 |     3 ||     4
       Ice Form          |       |       |     7 |    17 ||    24
       Airstrike         |       |       |       |    16 ||    16
Invok: Lunge             |       |       |    16 |    10 ||    26
       Whirlwind         |       |       |     5 |     2 ||     7
Evoke: Wand              |       |       |     2 |       ||     2
  Use: Scroll            |     1 |     2 |     9 |     6 ||    18
       Potion            |       |       |     5 |       ||     5
 Stab: Sleeping          |     1 |       |     1 |       ||     2
       Distracted        |       |       |     1 |       ||     1
Armor: Robe              |    18 |    19 |    33 |       ||    70
       Skin              |       |     3 |    18 |    20 ||    41
       Steam dragon scal |       |       |       |     8 ||     8
Dodge: Dodged            |    58 |    68 |   401 |   159 ||   686
